 Dungeon Crawl Stone Soup version 0.31.0-11-ge490571c62 (webtiles) character file.

Game seed: 11926512700014793331

111 qw the Shooter (level 4, -1/22 HPs)
             Began as a Spriggan Hunter on Feb 4, 2024.
             Incinerated by a bombardier beetle (5 damage)
             ... with a burning spray
             ... on level 3 of the Dungeon.
             The game lasted 00:00:59 (1935 turns).

qw the Shooter (Spriggan Hunter)                    Turns: 1935, Time: 00:01:00

Health: -1/22      AC:  2    Str:  7    XL:     4   Next: 62%
Magic:  5/5        EV: 20    Int: 10    God:
Gold:   143        SH:  0    Dex: 20    Spells: 3/3 levels left

rFire   . . .        a - +0 shortbow
rCold   . . .        (shield currently unavailable)
rNeg    . . .        c - +0 robe
rPois   .            (helmet restricted)
rElec   .            (no cloak)
rCorr   .            (gloves unavailable)
SInv    +            (boots unavailable)
Will    .....        (no amulet)
Stlth   +            (no ring)
HPRegen 0.23/turn    (no ring)
MPRegen 0.09/turn

%: no passive effects
@: on fire, glowing, very quick
A: very small, no large weapons, unfitting armour, see invisible, speed 3
a: no special abilities


You were on level 3 of the Dungeon.
You visited 1 branch of the dungeon, and saw 3 of its levels.

You collected 143 gold pieces.


Innate Abilities, Weirdness & Mutations

You are very small and have problems with some larger weapons.
You are too small for most types of armour.
You have supernaturally acute eyesight. (SInv)
You cover ground extremely quickly. (Speed+++)


   Skills:
 + Level 1.5 Fighting
 - Level 5.1 Ranged Weapons
 - Level 5.1 Dodging
 - Level 1.5 Stealth


You had 3 spell levels left.
You didn't know any spells.
Your spell library was empty.

Inventory:

Hand Weapons
 a - a +0 shortbow (weapon)
Armour
 c - a +0 robe (worn)
Scrolls
 f - 2 scrolls of teleportation {unknown}
 g - a scroll of identify
 h - a scroll of enchant armour {unknown}
Potions
 b - a potion of heal wounds
 d - 2 potions of enlightenment {unknown}
 e - a potion of curing

Dungeon Overview and Level Annotations

Branches:
Dungeon (3/15)

Altars:
Ashenzari
Cheibriados
Gozag
Uskayaw

Annotations:
D:3 3 runed translucent doors


Message History

You open the door.
Found a broken altar of Ashenzari.
There is an open door here.
You open the door.
Found a snail-covered altar of Cheibriados.
There is an open door here.
You open the door.
Found a hide-covered altar of Uskayaw.
There is an open door here.
There is an open door here.
A bombardier beetle comes into view.
You shoot an arrow. The arrow hits the bombardier beetle.
The bombardier beetle is moderately wounded.
Found a scroll of blinking.
A bombardier beetle is nearby!
You shoot an arrow. The arrow hits the bombardier beetle.
The bombardier beetle is heavily wounded.
You shoot an arrow.
The arrow barely misses the bombardier beetle.
The bombardier beetle waves its antennae.
You shoot an arrow. The arrow hits the bombardier beetle.
The bombardier beetle is almost dead.
You shoot an arrow.
The arrow barely misses the bombardier beetle.
The bombardier beetle sprays incendiary fluid at you.
The burning spray hits you.
You are covered in liquid fire!
You shoot an arrow. The arrow hits the bombardier beetle.
You kill the bombardier beetle!
The liquid fire burns you!
Your Dodging skill increases to level 5!
You are on fire!
The liquid fire burns you!
You are on fire!
The liquid fire burns you!
You are on fire!
The liquid fire burns you!
You are on fire!
The liquid fire burns you!
You die...

#_.'.}.'._###
#.##..
##.#...#.##
... #.....
####'#### ...
####.# #...#
# .? ####.#
##.## #. ..
#..... #.##
.###. #.#...
#..# ... #
#..)#. ##.#
#.##.# #..###
#.######@...#
#...#.
#######
#........##.#
#.#<..
......#
#.#####..#
#(....
#####.###.#
#..... ####.#
..........#
#..##.# ....#
#####.###.#
#..## ..
####. #####.#
#.#####....
.. #. ......#
#...>...### .
#. #######
#..####.# #.


There were no monsters in sight!

Vanquished Creatures
  A bombardier beetle (D:3)
  2 adders (D:3)
  A dart slug (D:2)
  3 ribbon worms
  4 endoplasms
  A giant cockroach (D:3)
  6 goblins
  7 hobgoblins
  6 jackals
  A quokka (D:1)
  2 ball pythons
  4 bats
  2 frilled lizards
  3 kobolds
  5 rats
48 creatures vanquished.

Notes
Turn   | Place    | Note
-------+----------+-------------------------------------------
     0 | D:1      | qw the Spriggan Hunter began the quest for the Orb.
     0 | D:1      | Reached XP level 1. HP: 10/10 MP: 2/2
     0 | D:1      | 0 ||| qw: Version: 0.3-a-160-g6735b56
     0 | D:1      | 0 ||| qw: Game counter: 6044
     0 | D:1      | 0 ||| qw: Melee chars always use a shield: true
     0 | D:1      | 0 ||| qw: God list: Okawaru
     0 | D:1      | 0 ||| qw: Allow faded altars: false
     0 | D:1      | 0 ||| qw: Do Orc after clearing Dungeon:15 true
     0 | D:1      | 0 ||| qw: Do second Lair branch before Depths: true
     0 | D:1      | 0 ||| qw: Lair rune preference: random
     0 | D:1      | 0 ||| qw: Goals: Normal
     0 | D:1      | 0 ||| PLANNING D:1-11
    50 | D:1      | Reached skill level 3 in Dodging
    71 | D:1      | You fall into a shaft and drop 1 floor!
   186 | D:2      | Reached XP level 2. HP: 14/14 MP: 3/3
   240 | D:2      | Found an opulent altar of Gozag.
   295 | D:2      | 295 ||| READING 2 scrolls labelled HIPEC VOUXZOZ.
   295 | D:2      | 295 ||| IDENTIFYING metallic grey potion
   296 | D:2      | 296 ||| READING scroll of identify.
   296 | D:2      | 296 ||| IDENTIFYING silvery potion
   297 | D:2      | 297 ||| READING scroll labelled VUSHROC TOYN.
   398 | D:2      | 398 ||| READING scroll labelled MESKOL IGENU.
   399 | D:2      | 399 ||| READING 3 scrolls labelled QIAGREA POITIC.
   500 | D:2      | 500 ||| DROPPING scroll of butterflies.
   501 | D:2      | 501 ||| DROPPING potion of lignification.
   502 | D:2      | 502 ||| DROPPING 2 scrolls of vulnerability.
   507 | D:2      | 507 ||| FLEEEEING.
   508 | D:2      | 508 ||| STAIRDANCE
   524 | D:1      | Found a faded altar of an unknown god.
   777 | D:1      | Reached XP level 3. HP: 18/18 MP: 4/4
  1233 | D:1      | 1233 ||| READING scroll of identify.
  1233 | D:1      | 1233 ||| IDENTIFYING 2 golden potions
  1234 | D:1      | 1234 ||| READING scroll labelled RURHUV JYECA.
  1235 | D:1      | 1235 ||| DRINKING 3 amethyst potions.
  1236 | D:1      | 1236 ||| DROPPING 2 potions of ambrosia.
  1237 | D:1      | 1237 ||| DROPPING 2 potions of brilliance.
  1540 | D:2      | 1540 ||| READING scroll labelled VIFUTECUCA.
  1541 | D:2      | 1541 ||| DRINKING 2 glowing brown potions.
  1655 | D:3      | Found a runed translucent gate.
  1655 | D:3      | Found a runed translucent gate.
  1655 | D:3      | Found a runed translucent gate.
  1739 | D:3      | Reached XP level 4. HP: 22/22 MP: 5/5
  1900 | D:3      | Found a broken altar of Ashenzari.
  1903 | D:3      | Found a snail-covered altar of Cheibriados.
  1908 | D:3      | Found a hide-covered altar of Uskayaw.
  1934 | D:3      | HP: 4/22 [burnt (4)]
  1935 | D:3      | Incinerated by a bombardier beetle

Levels and vault maps discovered:
D:1:      lightli_arrival_boilingwater, layout_loops_corners,
          chequers_ecumenical_altar_island
D:2:      layout_rooms, basic_altar, chequers_serial_rivers_micro_e
D:3:      layout_loops_cross, grunt_temple_overflow_diamond, gammafunk_ghost_icy

Skill      XL: |  1  2  3  4 |
---------------+-------------+-----
Dodging        | 3 4 5 |  5.1
Ranged Weapons | 5 |  5.1
Fighting       | |  1.5
Stealth        | |  1.5

Action                     |  1- 3 |  4- 6 || total
---------------------------+-------+-------++-------
   Fire: Shortbow          |   102 |    19 ||   121
    Use: Scroll            |     8 |       ||     8
         Potion            |     2 |       ||     2
 Armour: Robe              |     7 |       ||     7
  Dodge: Dodged            |    16 |     1 ||    17

Table legend:
 A = Non-vault XP
 B = Vault XP
 C = Vault XP percentage of total XP
 D = Non-vault monster count
 E = Vault monster count
 F = Vault count percentage of total count
                 A         B        C        D         E       F
            +---------+---------+-------+---------+---------+-------
      Total |     159 |       0 |   0.0 |      48 |       0 |   0.0
            +---------+---------+-------+---------+---------+-------
        D:1 |      27 |       0 |   0.0 |      18 |       0 |   0.0
        D:2 |      29 |       0 |   0.0 |      12 |       0 |   0.0
        D:3 |     103 |       0 |   0.0 |      18 |       0 |   0.0
            +---------+---------+-------+---------+---------+-------
